 Dungeon Crawl Stone Soup version 0.27.1-34-g3ba077fa99 (webtiles) character file.

Game seed: 14296348219003965230

11 lonewolfV2 the Magician (level 2, 0/21 HPs)
             Began as a Djinni Summoner on Jan 7, 2022.
             Slain by a goblin (1 damage)
             ... on level 1 of the Dungeon.
             The game lasted 00:02:45 (2704 turns).

lonewolfV2 the Magician (Djinni Summoner)           Turns: 2704, Time: 00:02:46

Health: 0/21       AC:  2    Str:  7    XL:     2   Next: 40%
Gold:   66         EV: 12    Int: 16    God:
                   SH:  0    Dex: 13

rFire    + + .     SeeInvis .   (no weapon)
rCold    x . .     Faith    .   (no shield)
rNeg     . . .     Spirit   .   a - +0 robe
rPois    ∞         Reflect  .   (no helmet)
rElec    .         Harm     .   (no cloak)
rCorr    .         Rampage  .   (no gloves)
Will     .....                  (boots unavailable)
Stlth    ++........             (no amulet)
HPRegen  0.07/turn              (no ring)
MPRegen  0.00/turn              (no ring)

@: flying
A: sickness immunity, fire resistance 2, cold vulnerability 1, float, innate
caster, hp casting, extra vitality 1
a: no special abilities


You were on level 1 of the Dungeon.
You visited 1 branch of the dungeon, and saw 1 of its levels.

You collected 66 gold pieces.

Inventory:

Armour
 a - a +0 robe (worn)
Scrolls
 e - a scroll of brand weapon {unknown}
 f - a scroll of teleportation {unknown}
Potions
 b - a potion of resistance {unknown}
 c - a potion of might {unknown}
 d - a potion of brilliance {unknown}


   Skills:
 + Level 2.2 Dodging
 + Level 1.5 Stealth
 + Level 3.6 Spellcasting


You couldn't memorise any spells.
You knew the following spells:

 Your Spells              Type           Power      Damage    Failure   Level
a - Summon Small Mammal   Summ           56%        N/A       3%          1
b - Call Imp              Summ           14%        N/A       6%          2
c - Call Canine Familiar  Summ           14%        N/A       12%         3
d - Summon Guardian Gole  Hex/Summ       14%        N/A       12%         3
e - Summon Lightning Spi  Summ/Air       14%        N/A       36%         4
Your spell library was empty.

Dungeon Overview and Level Annotations

Branches:
Dungeon (1/15)

Altars:


Innate Abilities, Weirdness & Mutations

You are immune to sickness and miasma.
You are immune to poison.
Your flesh is very heat resistant. (rF++)
You are vulnerable to cold. (rC-)
You float through the air rather than walking.
You learn spells naturally, not from books.
Your magical power is your life essence.
You have superior vitality. (+4 HP)


Message History

Your white imp hits the kobold.
Your white imp freezes the kobold.
The kobold dies!
You swap places.
Your magical contamination has completely faded away.
Things that are here:
a +0 club; 5 stones; a kobold corpse You swap places.
Your white imp disappears in a puff of smoke!
Your white imp disappears in a puff of smoke!
Things that are here:
a +0 club; 5 stones; a kobold corpse A goblin comes into view.
It is wielding a +0 dagger.
The goblin shouts!
A bat comes into view.
There are monsters nearby!
A ball python comes into view.
Casting: Call Imp (safe; 6% risk of failure)
Confirm with . or Enter, or press ? or * to list all spells.
A beastly little devil appears in a puff of frigid air.
The ball python hisses angrily.
The goblin hits you with a +0 dagger. The bat closely misses your white imp.
Something misses your white imp. Something grabs your white imp.
Your white imp is constricted.
Your white imp struggles to escape constriction.
The bat hits your white imp but does no damage.
The goblin hits you with a +0 dagger.
Something loses its grip on your white imp.
Your white imp gestures at the goblin.
The puff of frost misses the goblin.
The puff of frost hits you!
You feel a terrible chill!
Ouch! That really hurt!
* * * LOW HITPOINT WARNING * * *
You are too injured to fight recklessly!
You are too injured to fight recklessly!
Something bites your white imp but does no damage.
Something misses your white imp.
Something hits your white imp but does no damage. x2
A bat comes into view.
The goblin hits you with a +0 dagger.
You die...

##.#..##.......
###........###..#
#....###...####[#
##.#.# #.#.......
#.#.# #.######.#
###...# #.# #..
#....## #.# ###
##.##.## #.## #..
##.@##..# #.)##
#.# #.g####.#
#...####.# #.##
#.###.#...##.#
#5#
#..##.###.#.##


Sb# ##'###.# ####.# .... ##8.8##.# ##. ...####...).### ##_# ..b.
##8.....8######r## #....##........[##..##.# You could see a goblin (ally
target), a bat, a ball python and a friendly white imp (summoned).

Vanquished Creatures
  An endoplasm (D:1)
1 creature vanquished.

Vanquished Creatures (collateral kills)
  A dart slug (D:1)
  An endoplasm (D:1)
  A giant cockroach (D:1)
  4 hobgoblins (D:1)
  2 kobolds (D:1)
  2 quokkas (D:1)
  2 ball pythons (D:1)
  A bat (D:1)
  A frilled lizard (D:1)
15 creatures vanquished.

Grand Total: 16 creatures vanquished

Notes
Turn   | Place    | Note
-------+----------+-------------------------------------------
     0 | D:1      | lonewolfV2 the Djinni Summoner began the quest for the Orb.
     0 | D:1      | Reached XP level 1. HP: 15/15 MP: 0/0
  1170 | D:1      | Found a faded altar of an unknown god.
  1188 | D:1      | Reached XP level 2. HP: 13/21 MP: 0/0
  2702 | D:1      | HP: 1/21 [white imp/puff of frost[the player character]
                  | (13)]
  2704 | D:1      | Slain by a goblin

Illustrated notes

Levels and vault maps discovered:
D:1:      mushboom_english_gardens, layout_rooms,
          chequers_ecumenical_altar_twisty, dk_noncrumbling_4

Action                   || total
-------------------------++-------
Melee: Unarmed           ||    12
 Cast: Summon Small Mamm ||    41
       Call Imp          ||    14
Armor: Robe              ||     3
Dodge: Dodged            ||    25
